Map: Dash and Terminal LE (Void)

Players

BIGBOY (Patience) - Winner!

  • Race: Protoss Protoss
  • League: Master

RepMeaSt (Semper)

  • Race: Terran Terran
  • League: Master

Event: Team Gravity's Fight Night #36

VOD

https://youtu.be/0fvoiOR0kIU?t=1h3m39s

Description

Time

  • Played on: Oct. 25, 2015, 7:49 p.m.
  • Length: 12:20

All games in this series

Show
View Real Time Build Order
Export as new Build Order

BIGBOY Protoss - Winner!

Build Orders: 1 Gate Expand, Oracle Opening 

Get SALT Encoding   

  12  0:01  Probe (Chrono Boost)  
  13  0:14  Probe (Chrono Boost)  
  13  0:17  Pylon  
  14  0:25  Probe (Chrono Boost)  
  15  0:36  Probe (Chrono Boost), Gateway  
  16  0:46  Probe (Chrono Boost)  
  16  0:47  Assimilator  
  18  0:57  Probe (Chrono Boost)  
  18  1:07  Probe (Chrono Boost)  
  19  1:21  Probe (Chrono Boost), Nexus  
  20  1:32  Probe (Chrono Boost)  
  21  1:35  Cybernetics Core  
  21  1:43  Probe (Chrono Boost)  
  21  1:44  Assimilator  
  22  1:49  Pylon  
  22  1:58  Probe (Chrono Boost)  
  23  2:11  Probe (Chrono Boost)  
  23  2:12  Adept, Warp Gate  
  26  2:26  Probe (Chrono Boost)  
  26  2:27  Pylon  
  27  2:34  Stargate  
  27  2:37  Probe x2 (Chrono Boost)  
  28  2:42  Adept  
  31  2:47  Probe (Chrono Boost)  
  31  2:48  Probe (Chrono Boost)  
  33  2:52  Pylon  
  33  2:58  Probe x2 (Chrono Boost)  
  35  3:09  Probe (Chrono Boost)  
  35  3:10  Probe (Chrono Boost)  
  35  3:12  Robotics Facility  
  37  3:21  Oracle (Chrono Boost)  
  37  3:25  Probe (Chrono Boost)  
  37  3:26  Probe (Chrono Boost)  
  42  3:35  Probe  
  42  3:38  Probe  
  42  3:39  Assimilator  
  44  3:41  Assimilator  
  44  3:46  Gateway x2  
  44  3:49  Gateway  
  44  3:50  Probe  
  44  3:51  Probe  
  46  3:56  Oracle (Chrono Boost)  
  47  4:03  Probe  
  47  4:04  Probe  
  49  4:16  Twilight Council  
  47  4:20  Probe, Warp Prism (Chrono Boost)  
  47  4:21  Probe  
  50  4:24  Pylon  
  50  4:26  Pylon  
  50  4:30  Mothership Core  
  50  4:34  Probe  
  53  4:40  Pylon, Blink (Chrono Boost)  
  53  4:46  Probe  
  53  4:52  Observer (Chrono Boost)  
  52  5:01  Adept x4  
  60  5:11  Probe x2  
  60  5:14  Pylon  
  62  5:19  Observer (Chrono Boost)  
  63  5:33  Stalker x4  
  63  5:35  Probe x2  
  72  5:44  Observer (Chrono Boost)  
  72  5:47  Gateway  
  72  5:48  Gateway  
  73  5:52  Gateway  
  73  5:54  Gateway  
  73  5:56  Adept x3  
  79  5:58  Adept  
  80  6:11  Mothership Core  
  75  6:26  Adept x4  
  75  6:29  Immortal (Chrono Boost)  
  77  6:43  Probe x2  
  77  6:49  Adept x2  
  77  6:50  Adept x2  
  81  7:03  Adept  
  81  7:04  Adept x2  
  81  7:10  Pylon  
  81  7:19  Probe x2  
  83  7:29  Immortal (Chrono Boost)  
  81  7:33  Robotics Bay  
  81  7:34  Probe x2  
  83  7:40  Resonating Glaives  
  83  7:42  Sentry x4  
  83  7:43  Sentry  
  93  7:48  Forge  
  93  7:53  Pylon  
  93  7:58  Nexus  
  91  8:09  Probe x2  
  93  8:12  Pylon  
  93  8:13  Pylon  
  93  8:21  Probe x2, Disruptor (Chrono Boost)  
  98  8:35  Probe x2  
  98  8:39  Gravitic Drive  
  98  8:41  Protoss Ground Weapons Level 1 (Chrono Boost)  
  100  8:51  Disruptor  
  100  8:53  Pylon  
  100  8:58  Adept  
  105  9:04  Stalker x3  
  111  9:23  Stalker x2  
  111  9:24  Stalker x3  
  119  9:25  Disruptor  
  99  9:57  Disruptor  
  99  9:58  Adept x2  
  99  9:59  Adept x6  
  109  10:06  Probe  
  112  10:08  Probe x2  
  115  10:14  Assimilator  
  115  10:15  Assimilator  
  115  10:28  Warp Prism  
  115  10:33  Stalker x3  
  115  10:34  Stalker x5  
  127  10:49  Pylon  
  126  11:00  Pylon  
  94  11:14  Disruptor  
  94  11:16  Adept x5  
  94  11:17  Adept x3  
  104  11:48  Stalker x4  
  104  11:49  Stalker x3  
  104  11:52  Nexus  
  118  11:54  Pylon  
Show
View Real Time Build Order
Export as new Build Order

RepMeaSt Terran 

Build Orders: MMM Bio 

Get SALT Encoding   

  12  0:00  SCV  
  13  0:13  SCV  
  14  0:18  Supply Depot  
  14  0:25  SCV  
  15  0:40  SCV  
  15  0:42  Barracks  
  16  0:45  Refinery  
  16  0:52  SCV  
  17  1:04  SCV  
  18  1:16  SCV  
  19  1:29  Barracks Reactor, Orbital Command  
  19  1:46  Command Center  
  19  1:55  SCV  
  19  2:01  Supply Depot  
  20  2:06  Marine  
  20  2:07  SCV  
  22  2:09  Marine  
  23  2:21  Factory  
  23  2:23  SCV  
  23  2:24  Marine  
  23  2:27  Marine  
  26  2:35  SCV  
  27  2:44  Marine  
  27  2:45  Marine  
  27  2:47  SCV  
  30  2:52  Refinery  
  30  3:01  SCV, Orbital Command  
  30  3:04  Marine x2  
  32  3:08  Factory Tech Lab  
  32  3:14  SCV  
  33  3:22  Marine  
  33  3:26  SCV  
  33  3:27  SCV  
  36  3:29  Cyclone  
  39  3:37  Mag-Field Accelerator  
  39  3:38  SCV  
  39  3:39  Marine x2  
  42  3:41  SCV  
  42  3:43  Supply Depot  
  43  3:50  SCV  
  43  3:54  SCV  
  45  4:01  Marine  
  45  4:05  Cyclone  
  45  4:07  SCV  
  49  4:11  Bunker  
  50  4:17  SCV  
  50  4:19  SCV, Supply Depot  
  50  4:24  Supply Depot  
  52  4:25  Engineering Bay  
  52  4:29  SCV  
  52  4:31  SCV  
  52  4:33  Barracks Tech Lab  
  53  4:41  SCV, Cyclone  
  57  4:50  SCV  
  58  4:52  Barracks  
  58  4:53  SCV  
  58  4:54  Stimpack  
  58  4:56  Missile Turret  
  58  4:57  Barracks  
  58  4:59  Missile Turret  
  59  5:05  Marauder  
  59  5:06  SCV x2  
  63  5:10  Refinery  
  63  5:11  Supply Depot  
  63  5:15  Terran Infantry Weapons Level 1  
  63  5:18  SCV  
  63  5:20  SCV  
  65  5:22  Refinery  
  65  5:27  Marauder  
  67  5:30  SCV  
  67  5:32  SCV  
  67  5:34  Supply Depot  
  68  5:42  SCV, Starport  
  69  5:44  Factory Reactor  
  69  5:51  Marine x2  
  69  5:52  Command Center, Marine  
  69  5:53  SCV  
  73  6:03  SCV  
  73  6:09  Marine x2  
  73  6:10  Marauder  
  77  6:16  Marine  
  75  6:18  SCV  
  75  6:24  SCV  
  66  6:27  Marauder, Marine  
  66  6:31  Marine  
  65  6:34  Marine  
  65  6:36  SCV  
  65  6:37  SCV  
  65  6:45  Marine  
  60  6:48  Marine  
  60  6:49  SCV, Marine  
  60  6:52  Marine  
  53  6:58  SCV  
  45  7:02  SCV  
  45  7:03  Marine  
  45  7:06  Marine x2  
  44  7:10  SCV, Marine  
  46  7:20  Marine  
  46  7:24  Marauder, Marine  
  46  7:28  SCV, Marine  
  49  7:32  SCV  
  51  7:37  Medivac x2  
  51  7:38  Marine  
  51  7:40  SCV  
  56  7:46  Orbital Command  
  56  7:50  Marine  
  57  7:54  Liberator  
  57  7:56  Combat Shields  
  57  7:57  SCV  
  58  7:59  SCV  
  52  8:09  SCV  
  56  8:16  SCV x2  
  58  8:21  Marine x3  
  58  8:22  SCV  
  60  8:28  SCV  
  60  8:34  SCV x2  
  60  8:39  Marine  
  60  8:40  SCV  
  63  8:45  Medivac  
  63  8:46  SCV x2  
  67  8:49  Marine x3  
  67  8:52  SCV  
  67  8:54  Medivac  
  73  8:58  SCV  
  73  8:59  SCV  
  75  9:08  Terran Infantry Armor Level 1, SCV  
  76  9:10  SCV  
  76  9:12  Supply Depot, Liberator x2  
  76  9:21  Marine x2  
  76  9:22  SCV, Marauder  
  73  9:41  Marine  
  73  9:42  Marauder, Marine x2  
  64  9:57  Liberator  
  64  9:59  Marine x2  
  63  10:00  Marine  
  63  10:03  SCV, Marine  
  67  10:07  SCV  
  68  10:16  Marine  
  72  10:25  Orbital Command  
  72  10:33  SCV x2  
  74  10:37  Marine x2  
  74  10:38  Marauder  
  79  10:45  SCV x2, Barracks  
  79  10:48  Barracks, Marine  
  81  10:57  SCV  
  81  11:03  Orbital Command  
  65  11:09  SCV  
  65  11:10  Liberator  
  57  11:12  Liberator  
  57  11:15  Marine x4  
  61  11:33  Marine x4  
  61  11:35  Marine x2  
  60  11:50  SCV  
  60  11:51  Marine x4  
  60  11:53  Marine x2  

Tags
 
Add a new tag
Caveats
  • Supply blocks, unpowered buildings, or Contaminate may cause inaccurate times.
  • Supply counts are checked every 10 seconds.